 Dungeon Crawl Stone Soup version 0.27-a0-1312-g5cdb2b3542 (webtiles) character file.

Game seed: 2340214174563404259

149 bjtr the Stinger (level 5, -5/29 HPs)
             Began as a Gargoyle Venom Mage on June 21, 2021.
             Was an Initiate of Vehumet.
             Slain by a gnoll (9 damage)
             ... on level 4 of the Dungeon.
             The game lasted 00:19:54 (4625 turns).

bjtr the Stinger (Gargoyle Venom Mage)              Turns: 4625, Time: 00:19:55

Health: -5/29      AC:  8    Str: 11    XL:     5   Next: 31%
Magic:  5/9        EV: 11    Int: 17    God:    Vehumet [......]
Gold:   363        SH:  3    Dex: 10    Spells: 7/10 levels left

rFire    . . .     SeeInvis .   t - +1 morningstar (protect)
rCold    . . .     Faith    .   n - +0 buckler
rNeg     + . .     Spirit   .   a - +0 robe
rPois    ∞         Reflect  .   g - +1 helmet
rElec    +         Harm     .   (no cloak)
rCorr    .         Rampage  .   (no gloves)
Will     .....                  (no boots)
Stlth    ++........             (no amulet)
HPRegen  0.09/turn              (no ring)
MPRegen  0.11/turn              (no ring)

@: no status effects
A: sickness immunity, AC +4, negative energy resistance 1, electricity
resistance, torment resistance 1, petrification resistance
a: Renounce Religion


You were on level 4 of the Dungeon.
You worshipped Vehumet.
Vehumet was noncommittal.
You visited 1 branch of the dungeon, and saw 4 of its levels.

You collected 363 gold pieces.

Inventory:

Hand Weapons
 o - a +0 trident
 t - a +1 morningstar of protection (weapon)
 u - a +1 dagger of speed
Missiles
 m - 3 atropa-tipped darts
Armour
 a - a +0 robe (worn)
 g - a +1 helmet (worn)
 n - a +0 buckler (worn)
Magical Staves
 q - a staff of poison
Scrolls
 c - a scroll of teleportation
Potions
 b - a potion of brilliance {unknown}
 d - a potion of flight {unknown}
 i - a potion of haste {unknown}
 p - a potion of mutation {unknown}
 r - a potion of heal wounds {unknown}


   Skills:
 * Level 1.5 Fighting
 + Level 2.1 Dodging
 + Level 2.5 Stealth
 * Level 1.4 Shields
 + Level 3.0 Spellcasting
 - Level 1.0 Transmutations
 + Level 0.2 Air Magic
 * Level 3.8 Poison Magic


You had 7 spell levels left.
You knew the following spells:

 Your Spells              Type           Power      Damage    Failure   Level
a - Sting                 Tmut/Pois      40%        1d5       9%          1
b - Poisonous Vapours     Pois/Air       18%        N/A       16%         2

Your spell library contained the following spells:

 Spells                   Type           Power      Damage    Failure   Level
 Animate Skeleton         Necr           4%         N/A       24%         1
 Pain                     Necr           8%         1d4       24%         1
 Ignite Poison            Fire/Tmut/Pois 8%         N/A       36%         3
 Mephitic Cloud           Conj/Pois/Air  7%         N/A       38%         3
 Olgreb's Toxic Radiance  Pois           15%        N/A       43%         4
 Vampiric Draining        Necr           1%         2d6       56%         3
 Animate Dead             Necr           1%         N/A       93%         4
 Agony                    Necr           2%         N/A       100%        5


Dungeon Overview and Level Annotations

Branches:
Dungeon (4/15)
 Temple: D:4-7

Altars:
Nemelex Xobeh
Okawaru
Ru
Vehumet

Shops:
D:2 [=

Annotations:
D:2 Sigmund


Innate Abilities, Weirdness & Mutations

You are immune to sickness and miasma.
Your stone body is resilient. (AC +4)
You are immune to poison.
You resist negative energy. (rN+)
You are resistant to electric shocks. (rElec)
You are resistant to unholy torment.
You are immune to petrification.


Message History

Aiming: Poisonous Vapours (safe; 16% risk of failure)
Press: ? - help, Dir - move target, f - gnoll, p - gnoll
Aim: a gnoll, wielding a +0 halberd You miscast Poisonous Vapours.
You are very lightly contaminated with residual magic.
Nothing appears to happen.
Casting: Poisonous Vapours (safe; 16% risk of failure)
Confirm with . or Enter, or press ? or * to list all spells.
Aiming: Poisonous Vapours (safe; 16% risk of failure)
Press: ? - help, Dir - move target, f/p - gnoll
Aim: a gnoll, wielding a +0 halberd Poisonous vapours surround the gnoll!
The gnoll is poisoned.
The gnoll falls through a shaft!
The shaft crumbles and collapses.
A gnoll comes into view. It is wielding a +0 halberd.
A hobgoblin comes into view.
The gnoll moves out of view.
The gnoll hits you with a +0 halberd.
The hobgoblin shouts!
You hit the gnoll.
Your weapon exudes an aura of protection.
The gnoll is heavily wounded.
You block the gnoll's attack.
Your magical contamination has completely faded away.
You barely miss the gnoll.
The gnoll is heavily wounded.
The gnoll hits you with a +0 halberd! The gnoll misses you.
You barely miss the gnoll.
The gnoll is heavily wounded.
The gnoll looks more healthy.
A gnoll comes into view. It is wielding a +0 club.
The gnoll closely misses you.
The gnoll moves out of view.
The gnoll shouts!
The gnoll hits you from afar with a +0 halberd!
* * * LOW HITPOINT WARNING * * *
The hobgoblin closely misses you. You block the gnoll's attack.
There is a stone staircase leading up here.
The hobgoblin hits you but does no damage.
The gnoll hits you from afar with a +0 halberd!
You die...

....###............
#.....##.......$...
#..##..##g.........
................#..
........#.#.#.#...#
..........#.#..##..
.......gg.#.##.# #
.......g....##..
.......@..........
.........#######..
.........#
........##
.#.....## ######


You could see 3 gnolls and a hobgoblin.

Vanquished Creatures
  A centaur zombie (D:3)
  Terence (D:3)
  Robin (D:2)
  An adder (D:2)
  An adder skeleton (D:4)
  A worm (D:2)
  3 dart slugs
  3 bats
  8 endoplasms
  3 giant cockroaches
  9 goblins
  6 hobgoblins
  A jackal (D:2)
  2 quokkas
  3 ball pythons
  4 frilled lizards
  A kobold (D:2)
  6 rats
55 creatures vanquished.

Notes
Turn   | Place    | Note
-------+----------+-------------------------------------------
     0 | D:1      | bjtr the Gargoyle Venom Mage began the quest for the Orb.
     0 | D:1      | Reached XP level 1. HP: 10/10 MP: 3/3
   368 | D:1      | Reached XP level 2. HP: 12/15 MP: 1/5
   765 | D:1      | Reached skill level 1 in Transmutations
   869 | D:1      | Found a faded altar of an unknown god.
  1379 | D:2      | Noticed Terence
  1411 | D:2      | Noticed Sigmund
  1512 | D:2      | Reached XP level 3. HP: 20/20 MP: 2/6
  1577 | D:1      | Learned a level 2 spell: Poisonous Vapours
  1971 | D:2      | Found Sutuk's Jewellery Shoppe.
  2267 | D:2      | Noticed Robin
  2314 | D:3      | Reached XP level 4. HP: 10/24 MP: 2/8
  2841 | D:3      | Reached skill level 1 in Fighting
  2841 | D:3      | Reached skill level 1 in Shields
  3706 | D:3      | Found a sparkling altar of Nemelex Xobeh.
  3707 | D:3      | Found a radiant altar of Vehumet.
  3707 | D:3      | Found an iron altar of Okawaru.
  3708 | D:3      | Found a sacrificial altar of Ru.
  3898 | D:3      | Became a worshipper of Vehumet
  3982 | D:3      | Killed Terence
  3983 | D:3      | Reached XP level 5. HP: 23/29 MP: 2/9
  4089 | D:2      | Killed Robin
  4419 | D:2      | Found Buosuito's Armour Emporium.
  4464 | D:3      | Identified a scroll of acquirement
  4464 | D:3      | Acquired 279 gold pieces
  4543 | D:4      | Noticed an ogre
  4625 | D:4      | Slain by a gnoll

Illustrated notes

Levels and vault maps discovered:
D:1:      dpeg_arrival_rooms_with_view, layout_basic,
          chequers_ecumenical_altar_simple
D:2:      layout_basic, serial_shops, shop, nicolae_lakefront_shop,
          amcnicky_mini_rare_corridor_liquid, minmay_tromino_v4_a, uniq_sigmund,
          uniq_robin, uniq_terence
D:3:      layout_loops_corners, minitemple, minmay_misc_feat_more_columns
D:4:      layout_rooms, nicolae_yredelemnul_corpse_copse, lemuel_round_altar,
          gammafunk_ghost_gnarly_gnolls

Skill      XL: |  1  2  3  4 |
---------------+-------------+-----
Transmutations | 1 |  1.0
Fighting       | 1 |  1.5
Shields        | 1 |  1.4
Spellcasting   | 3 |  3.0
Dodging        | 2 |  2.1
Stealth        | |  2.5
Air Magic      | |  0.2
Poison Magic   | |  3.8

Action                   |  1- 3 |  4- 6 || total
-------------------------+-------+-------++-------
Melee: Unarmed           |     8 |       ||     8
       Dagger            |    18 |       ||    18
       Trident           |    38 |    43 ||    81
       Morningstar       |       |    16 ||    16
 Cast: Sting             |    54 |     5 ||    59
       Poisonous Vapours |     4 |     7 ||    11
  Use: Scroll            |       |     6 ||     6
Armor: Robe              |    38 |    35 ||    73
Dodge: Dodged            |    61 |    42 ||   103
Block: Buckler           |    14 |    13 ||    27

Table legend: (Time is in decaauts)
 A = Elapsed time spent in this place.
 B = Non-inter-level travel time spent in this place.
 C = Inter-level travel time spent in this place.
 D = Time resting spent in this place.
 E = Time spent auto-exploring this place.
 F = Levels seen in this place.
 G = Mean time per level.
                   A        B        C        D        E       F      G
               +--------+--------+--------+--------+--------+-----+--------+
         Total |   4668 |   4366 |    302 |   1114 |   2515 |   4 | 1167.0 |
       Dungeon |   4668 |   4366 |    302 |   1114 |   2515 |   4 | 1167.0 |
               +--------+--------+--------+--------+--------+-----+--------+

Top non-repeatable levels by time:
     D:3: 1905 daAuts
     D:1: 1359 daAuts
     D:2: 1354 daAuts
     D:4: 49 daAuts
